 Dungeon Crawl Stone Soup version 0.29.1-1-gd02db6906a (webtiles) character file.

Game seed: 2942515168385270978

221 LabCoat the Trooper (level 5, 0/47 HPs)
             Began as a Hill Orc Fighter on Oct 16, 2022.
             Slain by a lemure (5 damage)
             ... led by Pikel
             ... on level 4 of the Dungeon.
             The game lasted 00:09:48 (2966 turns).

LabCoat the Trooper (Hill Orc Fighter)              Turns: 2966, Time: 00:09:49

Health: 0/47       AC:  8    Str: 21    XL:     5   Next: 98%
Magic:  5/5        EV:  9    Int:  8    God:
Gold:   105        SH:  5    Dex: 10    Spells: 4/4 levels left

rFire   . . .      SeeInvis .   a - +0 war axe
rCold   . . .      Faith    .   c - +1 buckler
rNeg    . . .      Spirit   .   b - +0 scale mail
rPois   .          Reflect  .   (no helmet)
rElec   .          Harm     .   (no cloak)
rCorr   .          Rampage  .   l - +0 pair of gloves
Will    +....                   (no boots)
Stlth   ..........              (no amulet)
HPRegen 0.15/turn               e - ring of willpower
MPRegen 0.09/turn               (no ring)

@: mighty
A: no striking features
a: no special abilities


You were on level 4 of the Dungeon.
You visited 1 branch of the dungeon, and saw 4 of its levels.

You collected 105 gold pieces.

Inventory:

Hand Weapons
 a - a +0 war axe (weapon)
Missiles
 k - 2 boomerangs (quivered)
Armour
 b - a +0 scale mail (worn)
 c - a +1 buckler (worn)
 l - a +0 pair of gloves (worn)
Jewellery
 e - a ring of willpower (left hand)
Scrolls
 f - a scroll of immolation
 g - 2 scrolls of enchant armour
 j - a scroll of fog
Potions
 h - a potion of flight
 i - a potion of attraction


   Skills:
 * Level 4.9 Fighting
 * Level 4.5 Axes
 + Level 1.5 Throwing
 + Level 4.1 Armour
 + Level 3.9 Shields
 + Level 1.5 Evocations


You had 4 spell levels left.
You didn't know any spells.
Your spell library contained the following spells:

 Spells                   Type           Power      Damage    Failure   Level
 Magic Dart               Conj           0%         1d3       83%         1
 Call Imp                 Summ           0%         N/A       92%         2
 Inner Flame              Hex/Fire       0%         N/A       99%         3
 Mephitic Cloud           Conj/Pois/Air  0%         N/A       99%         3
 Cause Fear               Hex            0%         N/A       100%        4
 Discord                  Hex            0%         N/A       100%        8


Dungeon Overview and Level Annotations

Branches:
Dungeon (4/15)
 Temple: D:4-7

Altars:

Shops:
D:1 ([==!

Annotations:
D:4 Pikel


Message History

The lemure attacks as you move away! You block the lemure's attack.
The lemure attacks as you move away! The lemure hits you.
Pikel zaps a wand.
Some rock shatters into small pieces.
You block the lemure's attack. The lemure misses you.
You barely miss Pikel.
Pikel is lightly wounded.
You hit the lemure. You closely miss the lemure. Pikel barely misses you.
The lemure hits you but does no damage. You block the lemure's attack.
Sorry, you're not good enough to have a special ability.
You feel very mighty all of a sudden. Pikel hits you but does no damage.
The lemure hits you.
You miss Pikel.
Pikel is lightly wounded.
You slash the lemure! You barely miss the lemure. You closely miss the lemure.
Pikel hits you but does no damage. The lemure hits you.
The lemure barely misses you. You block the lemure's attack.
You closely miss Pikel.
Pikel is lightly wounded.
You slash the lemure! You closely miss the lemure. You slash the lemure!
Pikel hits you with a +0 whip of electrocution.
The lemure hits you. x3
Pikel hits you with a +0 whip of electrocution!
The lemure barely misses you. The lemure hits you. x2
You slice Pikel!!
Pikel is severely wounded.
You hit the lemure. You closely miss the lemure. x2
Pikel hits you with a +0 whip of electrocution.
The lemure completely misses you. The lemure hits you.
* * * LOW HITPOINT WARNING * * *
The lemure hits you.
* * * LOW HITPOINT WARNING * * *
Okay, then.
Okay, then.
You closely miss Pikel.
Pikel is severely wounded.
You hit the lemure. You closely miss the lemure. You miss the lemure.
Pikel hits you with a +0 whip of electrocution.
* * * LOW HITPOINT WARNING * * *
The lemure hits you.
You die...

................#................
................+................
...........##...#................
......##...##...##...............
####'###....#....#...............
............#....#...............
......>.....+.....†..............
...........###+#5................
...........##..5@#####...........
............#..K5# #...........
########....+...5# #...........
##....#....# #...........
.....##...## #...........
.....##...## #...........
...........# #...........
...........# #...........
...........# #...........


You could see Pikel and 4 lemures.

Vanquished Creatures
  A phantom (D:4)
  A scorpion (D:3)
  An iguana (D:4)
  2 adders
  An ufetubus (D:3)
  A worm (D:2)
  2 dart slugs
  8 ball pythons
  A giant cockroach (D:1)
  3 goblins
  A hobgoblin (D:3)
  2 jackals (D:2)
  3 kobolds
  A quokka (D:1)
  5 bats
  A frilled lizard (D:2)
  A rat (D:3)
35 creatures vanquished.

Notes
Turn   | Place    | Note
-------+----------+-------------------------------------------
     0 | D:1      | LabCoat the Hill Orc Fighter began the quest for the Orb.
     0 | D:1      | Reached XP level 1. HP: 19/19 MP: 1/1
    97 | D:1      | Found Kevauv's Jewellery Boutique.
   168 | D:1      | Found Pewicleng's Distillery.
   553 | D:1      | Found Baqovi's Antique Armour Boutique.
   556 | D:1      | Found Haofoow's Jewellery Emporium.
   895 | D:1      | Reached XP level 2. HP: 27/27 MP: 2/2
   925 | D:1      | Found Lyfu's Antique Weapon Boutique.
  1050 | D:2      | Reached XP level 3. HP: 27/33 MP: 3/3
  2023 | D:3      | Noticed a scorpion
  2041 | D:3      | HP: 1/33 [scorpion (3)]
  2044 | D:3      | Killed a scorpion
  2045 | D:3      | Reached skill level 1 in Throwing
  2045 | D:3      | Reached skill level 1 in Evocations
  2045 | D:3      | Reached XP level 4. HP: 23/41 MP: 4/4
  2553 | D:3      | Reached XP level 5. HP: 47/47 MP: 5/5
  2876 | D:4      | Noticed a phantom
  2887 | D:4      | Killed a phantom
  2947 | D:4      | Noticed a lemure
  2947 | D:4      | Noticed a lemure
  2948 | D:4      | Noticed Pikel
  2948 | D:4      | Noticed a lemure
  2948 | D:4      | Noticed a lemure
  2966 | D:4      | Slain by a lemure

Illustrated notes

Levels and vault maps discovered:
D:1:      wander_arrival_abandoned_jail, layout_basic, serial_shops,
          nicolae_shop_behind_doors, shop, shop, nicolae_lakefront_shop,
          shop_statue
D:2:      layout_loops_ring, nicolae_elevator_lobby_plus
D:3:      layout_basic
D:4:      layout_gridville, uniq_pikel, uniq_ijyb

Skill      XL: |  1  2  3  4  5 |
---------------+----------------+-----
Axes           | 3 4 |  4.5
Fighting       | 4 |  4.9
Throwing       | 1 |  1.5
Evocations     | 1 |  1.5
Armour         | 4 |  4.1
Shields        | |  3.9

Action                   |  1- 3 |  4- 6 || total
-------------------------+-------+-------++-------
Melee: War axe           |    71 |    44 ||   115
Throw: Boomerang         |       |    18 ||    18
  Use: Scroll            |     6 |     3 ||     9
       Potion            |     2 |     1 ||     3
Armor: Scale mail        |    29 |    24 ||    53
Dodge: Dodged            |    28 |    29 ||    57
Block: Buckler           |    27 |    17 ||    44
